 Dungeon Crawl Stone Soup version 0.20.1-1-g8b1a95d66d (webtiles) character file.

93 NullDivider the Charlatan (level 4, -4/28 HPs)
             Began as an Octopode Artificer on Dec 1, 2017.
             Was an Initiate of Nemelex Xobeh.
             Slain by an iguana (14 damage)
             ... on level 3 of the Dungeon.
             The game lasted 00:08:23 (2521 turns).

NullDivider the Charlatan (Octopode Artificer)      Turns: 2521, Time: 00:08:27

Health: -4/28      AC:  1    Str: 11    XL:     4   Next: 61%
Magic:  7/7        EV: 14    Int: 13    God:    Nemelex Xobeh [......]
Gold:   53         SH:  0    Dex: 13    Spells: 3/3 levels left

rFire    x . .     SeeInvis .   k - +1 dagger (speed)
rCold    + . .     Gourm    .   (no shield)
rNeg     . . .     Faith    .   (helmet restricted)
rPois    .         Spirit   .   (no amulet)
rElec    .         Reflect  .   r - ring of ice
rCorr    .         Harm     .   (no ring)
MR       .....                  (no ring)
Stlth    +++.......             (no ring)
Regen    0.1/turn               (no ring)
MPRegen  0.1/turn               (no ring)
                                (no ring)
                                (no ring)

@: no status effects
A: almost no armour, stealthy swim, amphibious, 8 rings, constrict 8, camouflage
1, gelatinous body 1
a: Renounce Religion


You were on level 3 of the Dungeon.
You worshipped Nemelex Xobeh.
Nemelex Xobeh was noncommittal.
You were not hungry.

You visited 1 branch of the dungeon, and saw 3 of its levels.

You collected 53 gold pieces.

Inventory:

Hand Weapons
 k - a +1 dagger of speed (weapon)
 n - a +1 vampiric dagger
Jewellery
 r - a ring of ice (left tentacle)
Wands
 b - a wand of flame (15/48)
 c - a wand of enslavement (15/24)
 d - a wand of random effects (15/48)
Scrolls
 a - a scroll of teleportation {unknown}
 i - a scroll of immolation {unknown}
 q - a scroll of noise {unknown}
 s - a scroll of amnesia {unknown}
 u - a scroll of identify {unknown}
 v - a scroll of fear {unknown}
Potions
 e - 2 potions of might {unknown}
 h - a potion of cancellation {unknown}
 m - a potion of heal wounds {unknown}
 o - 2 potions of agility {unknown}
 t - a potion of magic {unknown}
 x - a potion of curing {unknown}
Miscellaneous
 p - a plain deck of destruction
Comestibles
 f - 3 bread rations
 g - a fruit
 j - 3 royal jellies
 l - 2 meat rations
 w - 10 chunks of flesh


   Skills:
 + Level 1.4 Fighting
 + Level 1.7 Short Blades
 + Level 2.6 Dodging
 * Level 3.6 Stealth
 + Level 4.1 Evocations


You had 3 spell levels left.
You didn't know any spells.

Dungeon Overview and Level Annotations

Branches:
Dungeon (3/15)

Altars:
Nemelex Xobeh
Okawaru
Qazlal
Xom
Zin


Innate Abilities, Weirdness & Mutations

You cannot wear most types of armour.
You are very stealthy in the water. (Stealth+)
You are amphibious.
You can wear up to eight rings at the same time.
You can use your tentacles to constrict eight enemies at once.
Your skin changes colour to match your surroundings (Stealth+).
Your rubbery body absorbs attacks. (AC +1, EV +1)


Message History

You feel more attuned to ice.
r - a ring of ice (left tentacle) Some of the chunks of flesh in your inventory have rotted away.
A hobgoblin comes into view. It is wielding a club.
An iguana comes into view.
The iguana barely misses you.
You hit the iguana but do no damage. Your grab misses the iguana.
Your squeeze misses the iguana. The iguana bites you!
You completely miss the iguana. You grab the iguana. You constrict the iguana.
The iguana bites you!
You hit the iguana but do no damage.
The iguana is lightly wounded.
You constrict the iguana. You hit the iguana but do no damage.
The iguana is lightly wounded.
You constrict the iguana, but do no damage.
The iguana bites you!
Ouch! That really hurt!
You die...
Your body disappears without a glow.

###### .... #... #...
#..##################
#..#l....<#..........
#...@.......#########
##.#..........#######
#....##########........
#g#### ######### # #


You could see an iguana and a hobgoblin (sleeping).

Vanquished Creatures
  5 adders (D:2)
  An ooze (D:1)
  A leopard gecko (D:1)
  2 bats (D:2)
  3 giant cockroaches
  4 goblins (D:2)
  6 hobgoblins
  6 jackals (D:2)
  4 kobolds
  A quokka (D:2)
  2 frilled lizards (D:1)
  6 rats
41 creatures vanquished.

Notes
Turn   | Place    | Note
-------+----------+-------------------------------------------
     0 | D:1      | NullDivider the Octopode Artificer began the quest for the Orb.
     0 | D:1      | Reached XP level 1. HP: 13/13 MP: 3/3
   219 | D:1      | Reached XP level 2. HP: 18/18 MP: 4/4
   443 | D:1      | Found an iron altar of Okawaru.
  1052 | D:2      | Reached XP level 3. HP: 13/23 MP: 5/5
  1498 | D:2      | Found a glowing silver altar of Zin.
  1541 | D:2      | Reached XP level 4. HP: 28/28 MP: 6/6
  1643 | D:2      | Reached skill level 4 in Evocations
  1928 | D:2      | Found a shimmering altar of Xom.
  1928 | D:2      | Found a sparkling altar of Nemelex Xobeh.
  1930 | D:2      | Found a stormy altar of Qazlal.
  1935 | D:2      | Became a worshipper of Nemelex Xobeh the Trickster
  1949 | D:2      | Received a gift from Nemelex Xobeh
  2521 | D:3      | Slain by an iguana

Skill      XL: |  1  2  3  4 |
---------------+-------------+-----
Stealth        | 2 3 |  3.6
Evocations     | 4 |  4.1
Fighting       | |  1.4
Short Blades   | |  1.7
Dodging        | |  2.6

Action                   |  1- 3 |  4- 6 || total
-------------------------+-------+-------++-------
Melee: Short sword       |    18 |       ||    18
       Constrict         |    11 |     7 ||    18
       Tentacles         |    10 |     3 ||    13
       Dagger            |    38 |    36 ||    74
 Stab: Sleeping          |    13 |     7 ||    20
  Eat: Chunk             |     2 |     3 ||     5
Armor: Skin              |     1 |       ||     1
Dodge: Dodged            |    16 |    15 ||    31
